 Dungeon Crawl Stone Soup version 0.31.0-9-g3a7656b989 (webtiles) character file.

Game seed: 3251559205869334680

1600 Conn the Sneak (level 8, -2/46 HPs)
             Began as an Octopode Fire Elementalist on Jan 27, 2024.
             Was an Initiate of Sif Muna.
             Slain by an unseen horror (3 damage)
             ... on level 6 of the Dungeon.
             The game lasted 00:12:40 (5544 turns).

Conn the Sneak (Octopode Fire Elementalist)         Turns: 5544, Time: 00:12:40

Health: -2/46      AC:  1    Str: 11    XL:     8   Next: 94%
Magic:  5/15       EV: 14    Int: 19    God:    Sif Muna [......]
Gold:   286        SH:  0    Dex: 12    Spells: 6/16 levels left

rFire   . . .        d - +0 mace of Bloodstone {distort, ^Contam rC++ Str+3}
rCold   + + .        (no shield)
rNeg    . . .        (helmet restricted)
rPois   .            (no amulet)
rElec   .            c - ring of willpower
rCorr   .            (no ring)
SInv    .            (no ring)
Will    +....        (no ring)
Stlth   ++++         (no ring)
HPRegen 0.27/turn    (no ring)
MPRegen 0.14/turn    (no ring)
                     (no ring)

%: no passive effects
@: no status effects
A: almost no armour, amphibious, 8 rings, camouflage 1, gelatinous body 1,
(nimble swimmer 1), tentacles
a: Renounce Religion


You were on level 6 of the Dungeon.
You worshipped Sif Muna.
Sif Muna was noncommittal.
You visited 1 branch of the dungeon, and saw 6 of its levels.

You collected 374 gold pieces.
You spent 88 gold pieces at shops.

Inventory:

Hand Weapons
 b - a +0 dagger
 d - the +0 mace of Bloodstone (weapon) {distort, ^Contam rC++ Str+3}
   (You found it on level 2 of the Dungeon)

   Str+3:     It affects your strength (+3).
   rC++:      It greatly protects you from cold.
   ^Contam:   It causes magical contamination when unequipped.
Armour
 t - an orb of mayhem
Jewellery
 c - a ring of willpower (left tentacle)
Wands
 f - a wand of roots (5)
 k - a wand of paralysis (12)
Scrolls
 i - 4 scrolls of identify
 m - a scroll of immolation
 n - a scroll of noise
 s - a scroll of enchant armour
 u - a scroll of teleportation
 v - a scroll of fear {unknown}
 w - a scroll of vulnerability {unknown}
 x - a scroll of poison {unknown}
Potions
 a - a potion of magic
 e - a potion of might
 g - a potion of lignification
 h - 2 potions of heal wounds
 j - 2 potions of degeneration {unknown}
 l - a potion of haste
 o - a potion of resistance {unknown}
 p - a potion of attraction {unknown}
 q - a potion of brilliance {unknown}
 r - 2 potions of curing {unknown}


   Skills:
 + Level 5.1 Dodging
 - Level 7.0 Stealth
 + Level 4.7 Spellcasting
 + Level 4.6 Conjurations
 + Level 1.2 Hexes
 + Level 5.5 Fire Magic
 * Level 2.2 Invocations


You had 6 spell levels left.
You knew the following spells:

 Your Spells              Type           Power      Damage    Failure   Level
a - Foxfire               Conj/Fire      92%        2x1d8     1%          1
b - Scorch                Fire           50%        2d7       1%          2
c - Inner Flame           Hex/Fire       17%        N/A       10%         3
d - Flame Wave            Conj/Fire      23%        2d8       16%         4

Your spell library contained the following spells:

 Spells                   Type           Power      Damage    Failure   Level
 Shock                    Conj/Air       52%        1d6       4%          1
 Volatile Blastmotes      Fire/Tloc      30%        2d12      12%         3
 Sandblast                Erth           8%         2d5       13%         1
 Stone Arrow              Conj/Erth      26%        3d8       14%         3
 Passwall                 Erth           4%         N/A       36%         3
 Summon Ice Beast         Ice/Summ       4%         N/A       36%         3
 Swiftness                Air            4%         N/A       36%         3
 Brom's Barrelling Bould  Conj/Erth      13%        2d4       43%         4
 Airstrike                Air            2%         2d(1-17)  77%         4
 Summon Mana Viper        Hex/Summ       6%         N/A       95%         5
 Monstrous Menagerie      Summ           2%         N/A       100%        7


Dungeon Overview and Level Annotations

Branches:
Dungeon (6/15)
 Temple: D:4-7

Altars:
Cheibriados
Elyvilon
Makhleb
Nemelex Xobeh
Okawaru
Qazlal
Sif Muna
Wu Jian
Xom
Yredelemnul
Zin
The Shining One

Shops:
D:2 !


Innate Abilities, Weirdness & Mutations

You cannot wear most types of armour.
You are amphibious.
You can wear up to eight rings at the same time.
Your skin changes colour to match your surroundings (Stealth+).
Your rubbery body absorbs attacks. (AC +1, EV +1)
((You are camouflaged when in or above water. (Stealth+)))
You have tentacles for arms and can constrict up to eight enemies at once.


Message History

The centaur closely misses you.
You hit the centaur.
The centaur is lightly wounded.
The centaur misses you. The centaur closely misses you. The centaur misses you.
The centaur kicks you.
You hit the centaur but do no damage.
Space warps around the centaur.
You tentacle-slap the centaur. You squeeze the centaur!
You kill the centaur!
Sif Muna accepts your kill. Something hits you!
Deactivating autopickup; reactivate with Ctrl-A.
Found a scroll of teleportation.
Something hits you.
Things that are here:
a +0 orcbow; a centaur corpse Something barely misses you.
You see here 12 gold pieces.
Something hits you. x2
Something hits you.
Things that are here:
a +0 orcbow; a centaur corpse
Casting: Foxfire (safe; 1% risk of failure)
Confirm with . or Enter, or press ? or * to list all spells.
Flames lash something.
Something hits you.
* * * LOW HITPOINT WARNING * * *
Casting: Scorch (safe; 1% risk of failure)
Confirm with . or Enter, or press ? or * to list all spells.
Flames lash something.
Something hits you but does no damage.
Casting: Scorch (safe; 1% risk of failure)
Confirm with . or Enter, or press ? or * to list all spells.
Flames lash something.
Something hits you!
* * * LOW HITPOINT WARNING * * *
Casting: Scorch (safe; 1% risk of failure)
Confirm with . or Enter, or press ? or * to list all spells.
Flames lash something.
Something hits you but does no damage. Something hits you.
* * * LOW HITPOINT WARNING * * *
Casting: Scorch (safe; 1% risk of failure)
Confirm with . or Enter, or press ? or * to list all spells.
Flames lash something.
Something hits you.
You die...

#....#...# # # ##...##..# ##.
.## ######..# #.. ..# #...#
#.### #.# #...#
#.#.#####.##########..#
#..#.##?#.#.......##..#
#.###.#...#...#.......#
#..#.####@#...#.......#
#.###.#...#...#.......#
########..#.#.#$##...#.......#
.##....#.########...###..##..#
:.............##....###..##..#
...............#.........#...#
..[............'.........+...#
###.##.##.##..##..##.##..##..#
###.##.##.###+##..##.######..#


There were no monsters in sight!

Vanquished Creatures
  The ghost of wooly the Digger, an amateur GrEE (D:5)
  A steam dragon (D:6)
  An ogre (D:4)
  3 ice beasts
  A black bear (D:6)
  2 centaurs (D:6)
  A phantom (D:5)
  A bullfrog (D:6)
  2 bombardier beetles
  A centaur zombie (D:3)
  2 hounds (D:6)
  3 orc priests
  A gnoll bouda (D:6)
  A sleepcap (D:6)
  3 iguanas
  An orc wizard (D:6)
  3 gnolls (D:6)
  3 adders
  A shadow imp (D:5)
  A white imp (D:5)
  2 ufetubi (D:6)
  2 ribbon worms
  2 dart slugs
  6 orcs
  5 ball pythons
  3 endoplasms
  3 giant cockroaches
  8 hobgoblins
  5 quokkas
  A ball python zombie (D:3)
  7 bats
  2 frilled lizards (D:3)
  9 goblins
  7 kobolds
  8 rats
103 creatures vanquished.

Vanquished Creatures (others)
  206 foxfires
206 creatures vanquished.

Grand Total: 309 creatures vanquished

Notes
Turn   | Place    | Note
-------+----------+-------------------------------------------
     0 | D:1      | Conn the Octopode Fire Elementalist began the quest for the
                  | Orb.
     0 | D:1      | Reached XP level 1. HP: 11/11 MP: 3/3
   333 | D:1      | Reached XP level 2. HP: 17/17 MP: 5/5
   419 | D:1      | Reached skill level 3 in Stealth
   933 | D:2      | Identified the +0 mace of Bloodstone {distort, ^Contam rC++
                  | Str+3}
  1005 | D:2      | Reached XP level 3. HP: 20/21 MP: 1/6
  1568 | D:2      | Found Geuregysh's Distillery.
  1576 | D:2      | Bought a potion of lignification for 33 gold pieces
  1576 | D:2      | Bought a potion of heal wounds for 55 gold pieces
  1812 | D:3      | Reached XP level 4. HP: 22/27 MP: 0/7
  1825 | D:3      | Learned a level 2 spell: Scorch
  1829 | D:3      | Learned a level 3 spell: Inner Flame
  1911 | D:3      | Found a white marble altar of Elyvilon.
  2236 | D:3      | Found a glowing golden altar of the Shining One.
  2382 | D:3      | Found a shimmering altar of Xom.
  2623 | D:3      | Reached skill level 4 in Stealth
  2623 | D:3      | Reached XP level 5. HP: 31/31 MP: 7/9
  2641 | D:3      | Found a basalt altar of Yredelemnul.
  2704 | D:4      | Noticed an ogre
  2772 | D:4      | Killed an ogre
  2773 | D:4      | Reached XP level 6. HP: 36/36 MP: 2/10
  3010 | D:4      | Found an iron altar of Okawaru.
  3177 | D:4      | Found a burning altar of Makhleb.
  3232 | D:5      | Entered Level 5 of the Dungeon
  3277 | D:5      | Noticed an ice beast
  3285 | D:5      | Killed an ice beast
  3286 | D:5      | Reached skill level 5 in Stealth
  3682 | D:5      | Reached XP level 7. HP: 41/41 MP: 7/12
  3720 | D:5      | Found a shimmering blue altar of Sif Muna.
  3725 | D:5      | Found a stormy altar of Qazlal.
  3728 | D:5      | Became a worshipper of Sif Muna the Loreminder
  3731 | D:5      | Found a glowing silver altar of Zin.
  3731 | D:5      | Found an ornate altar of the Wu Jian Council.
  3750 | D:5      | Found a snail-covered altar of Cheibriados.
  3882 | D:5      | Found a sparkling altar of Nemelex Xobeh.
  3964 | D:5      | Found a runed translucent gate.
  3965 | D:5      | Found a runed translucent gate.
  3965 | D:5      | Found a runed translucent gate.
  3973 | D:5      | Noticed wooly's ghost (amateur GrEE)
  4164 | D:5      | Learned a level 4 spell: Flame Wave
  4322 | D:5      | Killed wooly's ghost
  4658 | D:6      | Reached skill level 6 in Stealth
  4672 | D:6      | Reached XP level 8. HP: 46/46 MP: 1/14
  4882 | D:6      | Reached skill level 5 in Fire Magic
  5164 | D:6      | Reached skill level 1 in Invocations
  5283 | D:6      | Reached skill level 7 in Stealth
  5297 | D:6      | Reached skill level 5 in Dodging
  5297 | D:6      | Reached skill level 1 in Hexes
  5543 | D:6      | HP: 1/46 [something (6)]
  5544 | D:6      | Slain by an unseen horror

Illustrated notes

Levels and vault maps discovered:
D:1:      dpeg_arrival_three_same_balls, layout_basic
D:2:      layout_loops_cross, serial_shops, shop
D:3:      wander_river, layout_basic, nicolae_overflow_hidden_temple,
          nicolae_elyvilon_temple_path, regret_index_xom_buried_treasure,
          lemuel_zombie_altar_yredelemnul
D:4:      layout_rooms, lightli_temple_of_fire, mainiacjoe_overflow_brackets
D:5:      layout_loops_cross, mainiacjoe_overflow_24_doors,
          nicolae_overflow_hallway_of_the_gods, ebering_ghost_rock_garden,
          minivault_25
D:6:      layout_gridville, minmay_temple_entry_antechambers, minmay_small_thing

Skill      XL: |  1  2  3  4  5  6  7  8 |
---------------+-------------------------+-----
Stealth        | 3 4 5 6 7 |  7.0
Conjurations   | 2 3 4 |  4.6
Dodging        | 3 4 5 |  5.1
Spellcasting   | 3 4 |  4.7
Fire Magic     | 4 5 |  5.5
Invocations    | 2 |  2.2
Hexes          | 1 |  1.2

Action                     |  1- 3 |  4- 6 |  7- 9 || total
---------------------------+-------+-------+-------++-------
  Melee: Dagger            |    12 |       |       ||    12
         Constrict         |     7 |     6 |     2 ||    15
         Tentacles         |     5 |     4 |     2 ||    11
         Mace              |    22 |    28 |     9 ||    59
         Punch             |       |       |     1 ||     1
   Cast: Foxfire           |    43 |    42 |    30 ||   115
         Inner Flame       |       |     1 |     6 ||     7
         Scorch            |       |     8 |    34 ||    42
  Evoke: Wand              |       |       |     1 ||     1
    Use: Scroll            |       |       |     4 ||     4
         Potion            |       |       |     3 ||     3
   Stab: Sleeping          |     7 |     5 |     1 ||    13
 Armour: Skin              |    16 |    10 |    36 ||    62
  Dodge: Dodged            |    13 |    13 |    29 ||    55
